[Event "POL-chT 2nd League-4 2020"]
[Site "Poronin"]
[Date "2020.09.12"]
[Round "8.22"]
[White "Wojciechowski, Beniamin"]
[Black "Rychlik, Hanna"]
[Result "1-0"]
[ECO "B23"]
[WhiteElo "1814"]
[BlackElo "2053"]
[Annotator "ChessBase"]
[PlyCount "197"]
[EventDate "2020.09.05"]
[EventType "team-tourn"]
[EventCountry "POL"]
[SourceTitle "playchess.com"]
[Source "ChessBase"]
[SourceQuality "1"]
[WhiteTeam "Ustrzyki Dolne"]
[BlackTeam "Goniec Zarow"]
[TimeControl "40/5400+30:900+30"]

1. e4 c5 2. Nc3 a6 3. g3 b5 4. Bg2 Bb7 5. d3 e6 6. Nge2 Nf6 7. O-O Qc7 8. Re1 b4 9. Nb1 h5 10. h3 Nc6 11. c3 Na5 12. Bg5 c4 13. cxb4 Bxb4 14. Nbc3 cxd3 15. Qxd3 Bc5 16. Na4 Ba7 17. Rac1 Qe5 18. Bf4 Qb5 19. Qc2 O-O 20. Nec3 Qc6 21. b3 d5 22. exd5 exd5 23. Be5 Rac8 24. Qd2 Rfd8 25. Nxd5 Rxd5 26. Bxd5 Qxd5 27. Rxc8+ Bxc8 28. Qxd5 Nxd5 29. Bb8 Nc6 30. Re8+ Kh7 31. Rxc8 Nxb8 32. Nc3 Ne7 33. Rc7 Nbc6 34. Nd5 Bb8 35. Rxe7 Nxe7 36. Nxe7 a5 37. Nc6 Bc7 38. Kg2 Kg8 39. Kf3 Kf8 40. Ke4 Bb6 41. f3 Ke8 42. g4 h4 43. Kd5 Kd7 44. Ne5+ Ke7 45. Kc6 Bd4 46. Nc4 Bc3 47. Kb5 Ke6 48. Nxa5 Ke5 49. Nc4+ Kf4 50. b4 Kg3 51. a4 Kxh3 52. a5 Kg3 53. a6 Bd4 54. Nb6 Bxb6 55. Kxb6 h3 56. a7 h2 57. a8=Q h1=Q 58. Qb8+ Kg2 59. Qf4 Qg1+ 60. Kb7 Qf1 61. Kb6 Qf2+ 62. Kb5 Qe2+ 63. Qc4 Qe8+ 64. Qc6 Qe5+ 65. Ka6 Qa1+ 66. Kb7 Qa3 67. b5 g6 68. Qf6 Qc5 69. b6 Qd5+ 70. Kb8 Qb3 71. Kc7 Qc4+ 72. Kd7 Qd5+ 73. Ke7 Qb7+ 74. Kf8 Kh3 75. g5 Kg2 76. f4 Kg3 77. Kg7 Kg4 78. Qxf7 Qxb6 79. Qxg6 Qc7+ 80. Qf7 Qc3+ 81. Kg6 Qc6+ 82. Qf6 Qe8+ 83. Qf7 Qc6+ 84. Kh7 Qh1+ 85. Kg7 Qa1+ 86. Kg6 Qa6+ 87. Qf6 Qc8 88. f5 Qd7 89. Qe6 Qd3 90. Kg7 Kxg5 91. Qh6+ Kg4 92. f6 Qd4 93. Qg6+ Kf4 94. Kh7 Qd7+ 95. f7 Kf3 96. Kg8 Qd5 97. Qf6+ Kg4 98. Kh7 Qh5+ 99. Kg7 1-0

[Event "POL-chT 2nd League-4 2020"]
[Site "Poronin"]
[Date "2020.09.12"]
[Round "8.23"]
[White "Szmyd, Marek"]
[Black "Palacki, Rafal"]
[Result "1/2-1/2"]
[ECO "A05"]
[WhiteElo "1874"]
[BlackElo "1806"]
[Annotator "NA"]
[PlyCount "106"]
[EventDate "2020.09.05"]
[EventType "team-tourn"]
[EventCountry "POL"]
[SourceTitle "playchess.com"]
[Source "ChessBase"]
[SourceQuality "1"]
[WhiteTeam "Goniec Zarow"]
[BlackTeam "Ustrzyki Dolne"]
[TimeControl "40/5400+30:900+30"]

1. Nf3 Nf6 2. b3 d5 3. Bb2 Bf5 4. e3 e6 5. d4 Nbd7 6. Bd3 {D04: Colle System.} Ne4 7. O-O Bd6 8. Ne5 {[#]} Bxe5 $146 ({Predecessor:} 8... c5 9. f3 Nef6 10. Qe2 Qc7 11. f4 Ne4 12. Qh5 Ndf6 13. Bb5+ Kf8 14. Qxf7+ Qxf7 15. Nxf7 Kxf7 {0-1 (24) Burger,D (973)-Dixon,L (1105) Neumuenster 2017}) 9. dxe5 Ndc5 10. Be2 Qg5 11. Kh1 Qh6 12. Qe1 Nd7 13. Bd3 Bg6 14. b4 Ng5 15. Nd2 Bxd3 16. cxd3 f5 17. exf6 Nxf6 18. f4 Nf7 19. Nf3 O-O 20. Nd4 Rfe8 21. Rf3 Nd6 22. Qe2 e5 23. Rh3 Qg6 24. fxe5 Rxe5 25. Nb5 Re7 26. Nxd6 cxd6 27. Rf1 Nd7 28. Rg3 Qh6 29. Qg4 Ne5 30. Qd4 Qe6 31. a4 b6 32. e4 dxe4 33. Qxe4 Rc8 34. Re3 Qd7 35. Qd5+ Kh8 36. Rfe1 h6 37. h3 Rce8 38. b5 Ng6 39. Rxe7 Rxe7 40. Rxe7 Qxe7 41. Qe4 Qf7 42. Kg1 d5 43. Qd4 Nf4 44. Qe3 Kh7 $11 45. Be5 Ne6 46. d4 Ng5 47. Qc3 Ne4 48. Qc7 Qxc7 49. Bxc7 Nc3 50. Bb8 Nxa4 51. Bxa7 Kg6 52. Kf2 Kf5 53. Ke3 Nc3 1/2-1/2

[Event "POL-chT 2nd League-4 2020"]
[Site "Poronin"]
[Date "2020.09.12"]
[Round "8.24"]
[White "Krzysztynska, Anna"]
[Black "Czaplewska, Klara"]
[Result "0-1"]
[ECO "C25"]
[WhiteElo "1867"]
[BlackElo "1875"]
[Annotator "NA"]
[PlyCount "112"]
[EventDate "2020.09.05"]
[EventType "team-tourn"]
[EventCountry "POL"]
[SourceTitle "playchess.com"]
[Source "ChessBase"]
[SourceQuality "1"]
[WhiteTeam "Ustrzyki Dolne"]
[BlackTeam "Goniec Zarow"]
[TimeControl "40/5400+30:900+30"]

1. e4 e5 2. Nc3 Nc6 3. g3 g6 4. Bg2 Bg7 5. d3 d6 6. Nge2 Nge7 7. Be3 Nd4 8. Qd2 Bg4 9. Bxd4 exd4 10. Nd1 Qd7 11. f4 Bxe2 12. Qxe2 O-O-O 13. Nf2 Rde8 14. O-O-O Nd5 15. Qf3 Ne3 16. Bh3 f5 17. exf5 Qa4 18. Kb1 Qxc2+ 19. Ka1 Nxd1 20. Qxd1 Qxd1+ 21. Rxd1 Kd8 22. Ne4 gxf5 23. Bxf5 h6 24. g4 Rhf8 25. Bg6 Re6 26. f5 Re5 27. h4 b6 28. g5 d5 29. Ng3 hxg5 30. hxg5 Re3 31. Nh5 Be5 32. a3 Rg8 33. Kb1 Rh3 34. Nf6 Bxf6 35. gxf6 Rgh8 36. Kc2 Rh1 37. Rxh1 Rxh1 38. Bf7 Rh6 39. Bxd5 Rxf6 40. Be4 Ke7 41. Kb3 Kd6 42. Kc4 Ke5 43. b4 Rh6 44. a4 Rh2 45. b5 Rb2 46. f6 Rf2 47. Kb4 Rxf6 48. Kc4 Rf1 49. Kb3 Rc1 50. Kb4 Kf4 51. a5 Ke3 52. axb6 axb6 53. Kb3 Rc3+ 54. Kb2 Rxd3 55. Bxd3 Kxd3 56. Kc1 Ke2 0-1

[Event "POL-chT 2nd League-4 2020"]
[Site "Poronin"]
[Date "2020.09.13"]
[Round "9.5"]
[White "Kurpiewski, Slawomir"]
[Black "Szmyd, Marek"]
[Result "1/2-1/2"]
[ECO "A03"]
[WhiteElo "1943"]
[BlackElo "1874"]
[Annotator "NA"]
[PlyCount "30"]
[EventDate "2020.09.05"]
[EventType "team-tourn"]
[EventCountry "POL"]
[SourceTitle "playchess.com"]
[Source "ChessBase"]
[SourceQuality "1"]
[TimeControl "40/5400+30:900+30"]

1. f4 d5 2. Nf3 Nf6 3. g3 c5 4. Bg2 Nc6 5. O-O e6 6. d3 Be7 7. e4 d4 8. h3 Qc7 9. a4 b6 10. Na3 Ba6 ({Black should play} 10... O-O $11) 11. Nd2 e5 12. Ndc4 Nd7 13. Nb5 $16 Bxb5 14. axb5 Nd8 15. Qf3 Bf8 1/2-1/2

[Event "POL-chT 2nd League-4 2020"]
[Site "Poronin"]
[Date "2020.09.13"]
[Round "9.6"]
[White "Czaplewska, Klara"]
[Black "Dabrowska, Aleksandra"]
[Result "1/2-1/2"]
[ECO "A45"]
[WhiteElo "1875"]
[BlackElo "1566"]
[Annotator "NA"]
[PlyCount "37"]
[EventDate "2020.09.05"]
[EventType "team-tourn"]
[EventCountry "POL"]
[SourceTitle "playchess.com"]
[Source "ChessBase"]
[SourceQuality "1"]
[TimeControl "40/5400+30:900+30"]

1. d4 Nf6 2. g3 g6 3. Bg2 Bg7 4. e4 d6 5. Ne2 O-O 6. Nbc3 a6 7. h3 e5 8. Be3 Nbd7 9. O-O Re8 10. f4 exd4 11. Bxd4 ({Much weaker is} 11. Nxd4 Nxe4 12. Nxe4 (12. Bxe4 d5 $15) 12... d5 $11) 11... Qe7 12. g4 h6 13. Ng3 Nh7 14. Bxg7 Kxg7 15. Qd4+ $16 Kg8 16. Rad1 Ndf6 17. Nd5 Nxd5 18. exd5 Qe3+ 19. Qxe3 1/2-1/2

[Event "POL-chT 2nd League-4 2020"]
[Site "Poronin"]
[Date "2020.09.13"]
[Round "9.11"]
[White "Szajda, Marcin"]
[Black "Rainer, Piotr"]
[Result "1-0"]
[ECO "B32"]
[WhiteElo "1942"]
[BlackElo "1641"]
[Annotator "NA"]
[PlyCount "89"]
[EventDate "2020.09.05"]
[EventType "team-tourn"]
[EventCountry "POL"]
[SourceTitle "playchess.com"]
[Source "ChessBase"]
[SourceQuality "1"]
[TimeControl "40/5400+30:900+30"]

1. e4 c5 2. Nf3 Nc6 3. d4 cxd4 4. Nxd4 e5 5. Nb5 d6 6. c4 Be7 7. N1c3 a6 8. Na3 Nf6 9. Nc2 O-O 10. Be2 Ne8 11. O-O Bg5 12. b3 Bxc1 13. Qxc1 Qh4 14. f4 f5 $16 15. g3 Qh6 16. Qe3 fxe4 17. fxe5 Qxe3+ 18. Nxe3 Rxf1+ 19. Rxf1 Bh3 20. Rd1 dxe5 21. Nxe4 Nd4 22. Bg4 Nc2 23. Bxh3 Nxe3 24. Be6+ Kh8 25. Rd3 Nc2 26. Rd7 b5 27. c5 Nd4 28. Bd5 Rc8 29. Bb7 Rb8 30. c6 Ne6 31. Nd6 Nc5 32. Nxe8 Rxe8 33. Rd5 Ne6 34. Rxe5 Kg8 35. Rxe6 Rxe6 36. c7 Re1+ 37. Kf2 Rc1 38. c8=Q+ Rxc8 39. Bxc8 a5 40. Ke3 Kf7 41. Kd4 a4 42. b4 Ke7 43. Ba6 Kd6 44. Bxb5 Kc7 45. Bxa4 1-0

[Event "POL-chT 2nd League-4 2020"]
[Site "Poronin"]
[Date "2020.09.13"]
[Round "9.12"]
[White "Gaczol, Julia"]
[Black "Chmiel, Dominika"]
[Result "0-1"]
[ECO "C45"]
[WhiteElo "1330"]
[BlackElo "2023"]
[Annotator "NA RC"]
[PlyCount "170"]
[EventDate "2020.09.05"]
[EventType "team-tourn"]
[EventCountry "POL"]
[SourceTitle "playchess.com"]
[Source "ChessBase"]
[SourceQuality "1"]
[TimeControl "40/5400+30:900+30"]

1. e4 e5 2. Nf3 Nc6 3. d4 exd4 4. Nxd4 Bc5 5. Nb3 Bb6 6. Nc3 d6 7. Qe2 h6 {C45: Scotch Game.} 8. Be3 Nf6 9. O-O-O Be6 10. f3 Qe7 11. Kb1 O-O-O {[#]} 12. g3 $146 ({Predecessor:} 12. Bxb6 axb6 13. Qb5 Bxb3 14. axb3 Qe5 15. Bc4 Qxb5 16. Nxb5 Ne5 17. Nd4 Nxc4 18. bxc4 {½-½ (41) Doan,V (2141)-Dang,H Bac Giang 2020}) 12... Kb8 13. Bg2 Bxe3 14. Qxe3 Bxb3 15. cxb3 d5 $1 16. Ne2 dxe4 17. fxe4 Ng4 18. Qf4 Nge5 (18... Rxd1+ $17 19. Rxd1 Rd8) 19. Rhf1 Rxd1+ 20. Rxd1 Rd8 21. Rxd8+ Qxd8 22. Qc1 Qd3+ 23. Qc2 Qe3 24. a3 Nd3 25. Qd1 a6 26. Kc2 Nc5 27. b4 Qb3+ 28. Kc1 Qe3+ 29. Kc2 Nxe4 30. Qd3 Qxd3+ 31. Kxd3 Nf2+ 32. Kd2 Ne5 33. h3 Nc4+ 34. Kc3 Ne3 35. Bf3 Nf5 36. Kd2 Nd6 37. h4 Nfe4+ 38. Ke3 Nf6 39. b3 c6 40. Nd4 Kc7 41. Kf4 Kd7 42. g4 Ke7 43. Bg2 Nfe8 44. Bf3 Nc7 45. a4 Ne6+ 46. Nxe6 Kxe6 47. h5 g5+ 48. hxg6 fxg6 49. g5 hxg5+ 50. Kxg5 Nf7+ 51. Kf4 Kf6 52. Be4 Nd6 53. Bd3 g5+ 54. Kg4 Nf7 55. Kg3 Ke5 56. Kg4 Kd4 57. Be2 Kc3 58. b5 axb5 59. axb5 c5 60. b6 Kxb3 61. Bd1+ Kb4 62. Kf5 Kb5 63. Ke6 Nd8+ 64. Kd7 Nc6 65. Kc7 Na5 66. Bf3 Ka6 67. Be2+ c4 68. Bf3 g4 69. Bxg4 Kb5 70. Bd1 c3 71. Kd6 Kb4 72. Kd5 Ka3 73. Kd4 Kb2 74. Kd3 Nc6 75. Ba4 Nb4+ 76. Kc4 c2 77. Bxc2 Nxc2 78. Kc5 Na1 79. Kb4 Nb3 80. Kc4 Na5+ 81. Kb4 (81. Kb5 $11) 81... Nc6+ 82. Ka4 Kc3 83. Kb5 Kd4 84. Ka4 Kc5 85. Kb3 Kxb6 0-1

[Event "POL-chT 2nd League-4 2020"]
[Site "Poronin"]
[Date "2020.09.13"]
[Round "9.15"]
[White "Zawierucha, Aleksander"]
[Black "Ziemniak, Piotr"]
[Result "1-0"]
[ECO "A41"]
[WhiteElo "1899"]
[BlackElo "1741"]
[Annotator "NA"]
[PlyCount "53"]
[EventDate "2020.09.05"]
[EventType "team-tourn"]
[EventCountry "POL"]
[SourceTitle "playchess.com"]
[Source "ChessBase"]
[SourceQuality "1"]
[TimeControl "40/5400+30:900+30"]

1. d4 d6 2. Nf3 Nf6 3. c4 g6 4. Nc3 Bg7 5. e4 Nbd7 6. Be2 O-O 7. O-O e5 8. Be3 c6 9. Qd2 Re8 {E94: King's Indian: Classical: 6 Be2 e5 7 0-0: Various Black 7th moves.} 10. Rfe1 Qc7 {[#]} 11. Rad1 $146 ({Predecessor:} 11. d5 Nf8 12. Rac1 Ng4 13. Bd3 Nxe3 14. fxe3 Bg4 15. Qf2 Nd7 16. b4 Nf8 17. h3 {½-½ (34) Schroeder,L (1339)-Nguyen,P (1195) Willingen 2015}) 11... Nf8 12. h3 Bd7 13. dxe5 dxe5 {[#]} 14. Bc5 $1 Rad8 15. Qe3 b6 16. Bd6 Qc8 17. Nxe5 Be6 18. f4 N6d7 19. Nxd7 Bxd7 20. e5 $18 f6 21. Bf3 Ne6 22. Ne4 f5 23. Nf6+ Bxf6 24. exf6 Ng5 25. Be7 Nxf3+ 26. Qxf3 Kf7 27. Qd3 1-0

[Event "POL-chT 2nd League-4 2020"]
[Site "Poronin"]
[Date "2020.09.13"]
[Round "9.16"]
[White "Babiarz, Arkadiusz"]
[Black "Boruta, Dawid"]
[Result "1-0"]
[ECO "B10"]
[WhiteElo "1872"]
[BlackElo "1822"]
[Annotator "NA"]
[PlyCount "109"]
[EventDate "2020.09.05"]
[EventType "team-tourn"]
[EventCountry "POL"]
[SourceTitle "playchess.com"]
[Source "ChessBase"]
[SourceQuality "1"]
[TimeControl "40/5400+30:900+30"]

1. e4 c6 2. c4 d5 3. exd5 cxd5 4. cxd5 Nf6 5. Qa4+ Nbd7 6. Nc3 g6 7. Be2 {[%emt 0:00:13] 7.Bc4 is setting a new trend. B10: Caro-Kann: 2 d3 and 2 c4.} Bg7 8. d4 O-O 9. Bf3 Nb6 {[%emt 0:17:28] Double Attack} 10. Qb3 e6 11. dxe6 Bxe6 12. Qd1 {[%emt 0:00:05] [#]} Qd7 $146 ({Predecessor:} 12... Re8 13. Nge2 Qd7 14. O-O Nfd5 15. Ne4 Bf5 16. Nc5 Qe7 17. b3 Rac8 18. Ba3 Qc7 {1-0 (35) Babiarz,A (1831)-Lechman,G (1395) Szczyrk 2017}) 13. Nge2 Bg4 14. Bxg4 Qxg4 15. O-O Nfd5 16. Nf4 Qd7 17. Nfxd5 Nxd5 18. Qf3 Rfd8 19. Bg5 f6 20. Bh4 Nxc3 21. bxc3 Qd5 22. Qxd5+ Rxd5 23. Rfe1 Kf7 24. Rab1 b6 25. Bg3 Rc8 $14 26. Rb3 Ra5 27. Re2 Bf8 28. f3 Rc4 29. Be1 Rca4 30. Rbb2 Rc4 31. Kf2 Bd6 32. Ke3 b5 33. Kd3 a6 34. g3 Ra3 35. Rb3 Ra5 36. Bf2 Rca4 37. Rbb2 Ra3 38. Ke4 Ke6 39. d5+ Kd7 40. Bd4 f5+ 41. Kd3 R5a4 42. g4 f4 43. h4 b4 44. h5 Kc7 45. hxg6 hxg6 46. Rh2 bxc3 47. Rh7+ Kc8 48. Re2 c2+ 49. Kxc2 Rxa2+ 50. Bb2 Bc7 51. Kb1 Rxb2+ 52. Kxb2 Kd8 53. Ree7 Bb6 54. Rb7 Bd4+ 55. Kb3 1-0

[Event "POL-chT 2nd League-4 2020"]
[Site "Poronin"]
[Date "2020.09.13"]
[Round "9.17"]
[White "Gonsior, Monika"]
[Black "Ziemniak, Grzegorz"]
[Result "1-0"]
[ECO "B01"]
[WhiteElo "2001"]
[BlackElo "1693"]
[Annotator "NA RC"]
[PlyCount "50"]
[EventDate "2020.09.05"]
[EventType "team-tourn"]
[EventCountry "POL"]
[SourceTitle "playchess.com"]
[Source "ChessBase"]
[SourceQuality "1"]
[TimeControl "40/5400+30:900+30"]

1. e4 d5 2. exd5 Qxd5 3. Nc3 Qa5 4. Nf3 Nf6 5. d3 Bg4 6. Be2 e6 7. O-O Bd6 8. Ng5 Qe5 9. f4 Bxe2 10. fxe5 Bxd1 11. exd6 Bxc2 12. dxc7 Na6 13. Bf4 Bxd3 14. Rfd1 Bc4 15. Rd8+ Rxd8 16. cxd8=Q+ $18 Kxd8 17. Nxf7+ Ke7 18. Nxh8 Kf8 19. Rd1 Bd5 20. Nxd5 Nxd5 21. Bd6+ Kg8 22. Rf1 Nf6 23. Rc1 Kxh8 24. Rc8+ Ng8 25. b4 Nb8 1-0

[Event "POL-chT 2nd League-4 2020"]
[Site "Poronin"]
[Date "2020.09.13"]
[Round "9.18"]
[White "Polak, Sylwia"]
[Black "Swiech, Joanna"]
[Result "1/2-1/2"]
[ECO "D31"]
[WhiteElo "1590"]
[BlackElo "1910"]
[Annotator "NA"]
[PlyCount "118"]
[EventDate "2020.09.05"]
[EventType "team-tourn"]
[EventCountry "POL"]
[SourceTitle "playchess.com"]
[Source "ChessBase"]
[SourceQuality "1"]
[TimeControl "40/5400+30:900+30"]

1. d4 d5 2. c4 e6 3. Nc3 Be7 4. Nf3 Nf6 5. e3 O-O 6. Bd3 b6 7. cxd5 exd5 8. O-O Bb7 9. Qc2 h6 {[%emt 0:00:43] E14: Queen's Indian: Classical Variation (4 e3).} 10. Ne5 Nbd7 11. f4 c5 12. Bd2 a6 {[%emt 0:05:18] [#]} 13. Be1 $146 ({Predecessor:} 13. Rac1 c4 14. Be2 b5 15. Bf3 Nb6 16. Kh1 Nfd7 17. Bg4 Nb8 18. Qd1 Nc6 19. Qf3 {½-½ (42) Valenau,E-Patsourakis,A Rimavska Sobota 1996}) 13... Rc8 14. Bh4 Rc7 15. Bf5 Nxe5 (15... b5 $11) 16. dxe5 Ne8 17. Bxe7 Rxe7 18. Rad1 Nc7 19. Qd2 Qa8 20. Bb1 f5 21. a3 Kh8 22. Ba2 Rd7 23. e4 $14 fxe4 24. Nxe4 d4 25. Nd6 Ne8 26. Nxb7 Qxb7 27. Qd3 Qc6 28. Bb1 g6 29. Qxg6 Qxg6 30. Bxg6 Kg7 31. Be4 Re7 32. g4 Nc7 33. Rde1 c4 34. Bc2 d3 35. Bd1 Rfe8 36. Re4 b5 37. Rfe1 Nd5 38. f5 Kf8 39. h4 d2 40. R1e2 c3 41. bxc3 Nxc3 42. e6 Nxd1 43. Rxd2 Nc3 44. Re3 Na4 45. g5 hxg5 46. hxg5 Nc5 47. Rh2 Rg7 48. Rg2 Nxe6 49. fxe6 Rg6 50. Rf2+ Kg8 51. e7 Rxg5+ 52. Kf1 Rg7 53. Rfe2 Kf7 54. Ke1 a5 55. Kd2 b4 56. axb4 axb4 57. Kc2 Rc8+ 58. Kb3 Ke8 59. Rh2 Rc3+ 1/2-1/2

[Event "POL-chT 2nd League-4 2020"]
[Site "Poronin"]
[Date "2020.09.13"]
[Round "9.23"]
[White "Szydelko, Michal"]
[Black "Palacki, Rafal"]
[Result "1/2-1/2"]
[ECO "B13"]
[WhiteElo "1877"]
[BlackElo "1806"]
[Annotator "NA"]
[PlyCount "30"]
[EventDate "2020.09.05"]
[EventType "team-tourn"]
[EventCountry "POL"]
[SourceTitle "playchess.com"]
[Source "ChessBase"]
[SourceQuality "1"]
[TimeControl "40/5400+30:900+30"]

1. e4 c6 2. d4 d5 3. exd5 cxd5 4. Bd3 Nc6 5. c3 g6 6. Nf3 Bg4 7. h3 Bxf3 8. Qxf3 Bg7 9. Bf4 Nf6 10. O-O O-O 11. Nd2 Re8 12. Rfe1 Qb6 13. Nb3 a5 14. Rab1 a4 15. Nd2 Rac8 $14 1/2-1/2

[Event "POL-chT 2nd League-4 2020"]
[Site "Poronin"]
[Date "2020.09.13"]
[Round "9.24"]
[White "Krzysztynska, Anna"]
[Black "Trusz, Julia"]
[Result "1/2-1/2"]
[ECO "B23"]
[WhiteElo "1867"]
[BlackElo "1675"]
[Annotator "NA"]
[PlyCount "43"]
[EventDate "2020.09.05"]
[EventType "team-tourn"]
[EventCountry "POL"]
[SourceTitle "playchess.com"]
[Source "ChessBase"]
[SourceQuality "1"]
[TimeControl "40/5400+30:900+30"]

1. e4 c5 2. Nc3 e6 3. g3 d5 4. exd5 exd5 $11 5. Bg2 Nf6 6. Nf3 d4 7. Ne2 Bd6 8. d3 Nc6 9. O-O O-O 10. Bf4 Bf5 11. Qd2 Re8 12. Rfe1 Bg6 13. a3 h6 14. h3 Qc7 15. Bxd6 Qxd6 16. Nf4 Bh7 17. Rxe8+ Rxe8 18. Re1 Qd7 19. Kh2 Re7 20. Rxe7 Qxe7 21. Qe1 Kf8 22. Qd1 1/2-1/2